 Dungeon Crawl Stone Soup version 0.26.1-2-gb8aa6d0cf2 (webtiles) character file.

Game seed: 17151750704105325060

589 KamiKatze the Chiller (level 7, -1/46 HPs)
             Began as a Merfolk Ice Elementalist on Feb 11, 2021.
             Slain by an orc warrior
             ... wielding a +0 long sword
              (17 damage)
             ... on level 4 of the Dungeon.
             The game lasted 00:23:21 (4944 turns).

KamiKatze the Chiller (Merfolk Ice Elementalist)    Turns: 4944, Time: 00:23:21

Health: -1/46      AC:  4    Str:  9    XL:     7   Next: 38%
Magic:  13/13      EV: 14    Int: 16    God:
Gold:   239        SH:  0    Dex: 14    Spells: 4/15 levels left

rFire    . . .     SeeInvis .   v - +1 whip (elec)
rCold    . . .     Faith    .   (no shield)
rNeg     . . .     Spirit   .   f - +0 robe
rPois    .         Reflect  .   (no helmet)
rElec    .         Harm     .   q - scarf {repulsion}
rCorr    .         Rampage  .   (no gloves)
Will     .....                  l - +1 pair of boots
Stlth    +.........             (no amulet)
HPRegen  0.15/turn              x - ring of attention (curse)
MPRegen  0.13/turn              (no ring)

@: repel missiles
A: change form in water, swift swim, stealthy swim
a: no special abilities


You were on level 4 of the Dungeon.
You visited 1 branch of the dungeon, and saw 4 of its levels.

You collected 239 gold pieces.

Inventory:

Hand Weapons
 a - a +1 dagger of speed
 g - a +0 spear
 v - a +1 whip of electrocution (weapon)
 w - a +2 hand axe of electrocution
Missiles
 r - 14 poisoned darts (quivered)
 y - 2 throwing nets
Armour
 b - a +0 scale mail
 f - a +0 robe (worn)
 l - a +1 pair of boots (worn)
 q - a scarf of repulsion (worn)
 B - a scarf of shadows
Jewellery
 x - a cursed ring of attention (left hand)
Wands
 u - a wand of random effects (23)
 A - a wand of disintegration (17)
Scrolls
 e - a scroll of identify
 h - a scroll of teleportation
 i - a scroll of remove curse {unknown}
 j - 2 scrolls of random uselessness {unknown}
 k - a scroll of fog {unknown}
 s - a scroll of enchant armour
 t - a scroll of fear {unknown}
 z - a scroll of blinking {unknown}
Potions
 c - 3 potions of heal wounds
 d - a potion of flight
 m - 2 potions of mutation
 n - a potion of attraction
 o - a potion of haste {unknown}
 p - 2 potions of might
 C - a potion of curing {unknown}


   Skills:
 + Level 4.8 Dodging
 - Level 3.0 Stealth
 * Level 4.5 Spellcasting
 + Level 1.1 Conjurations
 * Level 6.6 Ice Magic
 * Level 1.1 Evocations


You had 4 spell levels left.
You knew the following spells:

 Your Spells              Type           Power        Failure   Level
a - Freeze                Ice            96%          1%          1
b - Frozen Ramparts       Ice            48%          3%          3
c - Ozocubu's Armour      Ice            24%          3%          3
d - Hailstorm             Conj/Ice       16%          32%         4

Your spell library contained the following spells:

 Spells                   Type           Power        Failure   Level
 Summon Ice Beast         Ice/Summ       14%          38%         4


Dungeon Overview and Level Annotations

Branches:
Dungeon (4/15)             Temple (0/1) D:4

Altars:
Okawaru
The Shining One


Message History

There is a stone staircase leading down, spattered with blood here.
You start resting.
HP restored.
You climb downwards.
There is a stone staircase leading up here.
There is a stone staircase leading down here.
A gnoll is nearby!
The orc wizard shouts!
The orc wizard casts a spell at you. The puff of flame hits you!
The orc shouts!
The orc warrior throws a boomerang.
The boomerang closely misses you.
The weapon returns to the orc warrior!
The orc warrior throws a boomerang.
The boomerang closely misses you.
The weapon returns to the orc warrior!
The orc warrior throws a boomerang.
The boomerang hits you!!
* * * LOW HITPOINT WARNING * * *
The weapon returns to the orc warrior!
The orc closely misses you.
The orc warrior hits you with a +0 long sword!
You die...

##..###....###...........######.#
...........##....#####...##.....#
#....o..........####.#........###
#......####....###.......#......#
#...#..#.#......###.g.####.......
..#.....(.........#....##.....###
..#..#...รท......o.....####....#
#
..#......#......o.###...##.>..###
....##...##.....@.###....#..<##..
....##....#....o...##.......###..
....#...............#.......##...
....#..##...#....................
.......#..#.##...................
..........#.....###..............
......#..##....###............##.
..>...##.......####..............
..............#..................


You could see an orc warrior, an orc wizard, a gnoll and an orc.

Vanquished Creatures
  Edmund (D:3)
  A bullfrog (D:4)
  A hound (D:4)
  2 orc priests
  Jessica (D:2)
  Natasha (thrice) (D:4)
  An orc wizard (D:2)
  3 gnolls
  4 adders
  3 oozes
  An adder skeleton (D:4)
  2 worms (D:3)
  3 dart slugs
  5 leopard geckos
  6 orcs
  3 ball pythons
  12 bats
  4 giant cockroaches
  15 goblins
  5 hobgoblins
  4 jackals (D:1)
  3 quokkas
  4 frilled lizards
  9 kobolds
  6 rats
102 creatures vanquished.

Notes
Turn   | Place    | Note
-------+----------+-------------------------------------------
     0 | D:1      | KamiKatze the Merfolk Ice Elementalist began the quest for
                  | the Orb.
     0 | D:1      | Reached XP level 1. HP: 13/13 MP: 3/3
   134 | D:1      | Reached XP level 2. HP: 12/19 MP: 3/5
   512 | D:1      | Reached XP level 3. HP: 16/24 MP: 4/6
   516 | D:1      | Learned a level 3 spell: Frozen Ramparts
   520 | D:1      | Learned a level 3 spell: Ozocubu's Armour
   784 | D:1      | Reached skill level 5 in Ice Magic
  1219 | D:2      | Reached XP level 4. HP: 12/30 MP: 3/8
  1572 | D:2      | Found an iron altar of Okawaru.
  1573 | D:2      | Noticed Jessica
  1587 | D:2      | Killed Jessica
  2134 | D:2      | Reached XP level 5. HP: 30/35 MP: 3/9
  2875 | D:3      | Reached XP level 6. HP: 24/41 MP: 4/11
  2880 | D:3      | Learned a level 4 spell: Hailstorm
  2976 | D:3      | Reached skill level 6 in Ice Magic
  3200 | D:4      | Noticed Natasha
  3208 | D:4      | Killed Natasha
  3661 | D:4      | Noticed Natasha
  3668 | D:4      | Killed Natasha
  3804 | D:4      | Noticed a phantom
  3813 | D:4      | Reached XP level 7. HP: 35/46 MP: 9/13
  4549 | D:4      | Found a glowing golden altar of the Shining One.
  4648 | D:4      | Found a staircase to the Ecumenical Temple.
  4652 | D:4      | Noticed Natasha
  4658 | D:4      | Noticed Edmund
  4660 | D:4      | Killed Natasha
  4720 | D:3      | Killed Edmund
  4721 | D:3      | Reached skill level 1 in Conjurations
  4721 | D:3      | Reached skill level 1 in Evocations
  4944 | D:4      | Slain by an orc warrior

Illustrated notes

Levels and vault maps discovered:
D:1:      ncdulo_lavacross, layout_basic
D:2:      cheibrodos_helix_gallery, layout_rooms, lemuel_doored_altar,
          uniq_jessica
D:3:      layout_basic, grunt_ministairs_12, minmay_misc_feat_rows
D:4:      layout_cave_pools, tso_metal_star,
          minmay_temple_entry_statues_fountains, minmay_hedge_maze,
          hangedman_abyss_or_decor_lesser_grid, kennysheep_generic_room_5,
          uniq_edmund, uniq_natasha

Skill      XL: |  1  2  3  4  5  6  7 |
---------------+----------------------+-----
Dodging        | 3 4 |  4.8
Ice Magic      | 5 6 |  6.6
Spellcasting   | 3 4 |  4.5
Stealth        | 3 |  3.0
Conjurations   | 1 |  1.1
Evocations     | 1 |  1.1

Action                   |  1- 3 |  4- 6 |  7- 9 || total
-------------------------+-------+-------+-------++-------
Melee: Club              |    15 |       |       ||    15
       Dagger            |   110 |    69 |       ||   179
       Whip              |       |    48 |    32 ||    80
 Cast: Freeze            |    20 |    32 |     7 ||    59
       Frozen Ramparts   |     1 |    10 |     2 ||    13
  Use: Scroll            |       |       |     7 ||     7
       Potion            |       |       |     1 ||     1
 Stab: Sleeping          |     1 |     7 |       ||     8
Armor: Robe              |    12 |    22 |     4 ||    38
Dodge: Dodged            |    93 |   102 |    28 ||   223
       Repelled          |       |     1 |       ||     1
